 Dungeon Crawl Stone Soup version 0.28.0-1-gb440e238dd (webtiles) character file.

Game seed: 5610887475539255339

111 hawla the Conjurer (level 4, 0/33 HPs)
             Began as a Draconian Conjurer on Feb 26, 2022.
             Succumbed to a kobold brigand's curare-tipped dart
             ... in a sewer.
             The game lasted 00:06:44 (3636 turns).

hawla the Conjurer (Draconian Conjurer)             Turns: 3636, Time: 00:06:44

Health: 0/33       AC:  6    Str:  9    XL:     4   Next: 62%
Magic:  3/7        EV: 12    Int: 21    God:
Gold:   82         SH:  0    Dex:  9    Spells: 0/7 levels left

rFire   . . .      SeeInvis .   j - staff of death
rCold   . . .      Faith    .   (no shield)
rNeg    + . .      Spirit   .   (armour unavailable)
rPois   .          Reflect  .   (helmet restricted)
rElec   .          Harm     .   (no cloak)
rCorr   .          Rampage  .   (no gloves)
Will    .....                   c - +0 pair of boots
Stlth   ++........              (no amulet)
HPRegen 0.11/turn               (no ring)
MPRegen 0.10/turn               (no ring)

@: brilliant, lethally poisoned (0 -> -6), about to teleport, hasted and slowed
A: AC +5, unfitting armour, cold-blooded
a: no special abilities


You were in a sewer.
You visited 1 branch of the dungeon, and saw 4 of its levels.
You also visited: Sewer.

You collected 106 gold pieces.
You spent 24 gold pieces at shops.

Inventory:

Missiles
 b - 3 boomerangs of dispersal (quivered)
Armour
 c - a +0 pair of boots (worn)
Magical Staves
 j - a staff of death (weapon)
Jewellery
 e - a ring of see invisible
Scrolls
 f - a scroll of teleportation
Potions
 a - a potion of attraction


   Skills:
 + Level 0.2 Fighting
 + Level 0.1 Staves
 + Level 2.2 Dodging
 + Level 2.1 Stealth
 + Level 2.4 Spellcasting
 + Level 5.4 Conjurations
 + Level 0.2 Translocations


You couldn't memorise any spells.
You knew the following spells:

 Your Spells              Type           Power      Damage    Failure   Level
a - Magic Dart            Conj           100%       1d8       1%          1
b - Searing Ray           Conj           74%        2d7       2%          2
c - Iskenderun's Mystic   Conj/Tloc      21%        2d6       41%         4

Your spell library contained the following spells:

 Spells                   Type           Power      Damage    Failure   Level
 Dazzling Flash           Conj/Hex       40%        N/A       14%         3
 Fulminant Prism          Conj/Hex       10%        3d9       43%         4


Dungeon Overview and Level Annotations

Branches:
Dungeon (4/15)              Sewer (1/1)
 Temple: D:4-7

Altars:
Wu Jian
The Shining One

Shops:
D:2 ?


Innate Abilities, Weirdness & Mutations

Your plain brown scales are hard. (AC +5)
You cannot fit into any form of body armour.
You are cold-blooded and may be slowed by cold attacks.


Message History

Aiming: Searing Ray (safe; 2% risk of failure)
Press: ? - help, Shift-Dir - straight line, f - kobold brigand
Aim: a kobold brigand, wielding a +0 dagger and quivering curare-tipped darts (74% to hit)
The searing ray hits the kobold brigand.
The kobold brigand is lightly wounded. (Press . to maintain the ray.)
The kobold brigand throws a curare-tipped dart.
The curare-tipped dart barely misses you.
The kobold brigand throws a curare-tipped dart.
The curare-tipped dart hits you.
You are lethally poisoned!
You have difficulty breathing.
You feel as though you will be slow longer.
It was a potion of haste.
You feel yourself speed up.
* * * LOW HITPOINT WARNING * * *
You feel very sick.
You are too injured to fight recklessly!
It was a potion of brilliance.
You feel clever all of a sudden.
* * * LOW HITPOINT WARNING * * *
You feel very sick.
Casting: Searing Ray (safe; 2% risk of failure)
Confirm with . or Enter, or press ? or * to list all spells.
Aiming: Searing Ray (safe; 2% risk of failure)
Press: ? - help, Shift-Dir - straight line, f/p - kobold brigand
Aim: a kobold brigand, wielding a +0 dagger and quivering curare-tipped darts (lightly wounded, 76% to hit)
You feel a surge of power!
The searing ray hits the kobold brigand!
The kobold brigand is heavily wounded. (Press . to maintain the ray.)
* * * LOW HITPOINT WARNING * * *
You feel very sick.
The kobold brigand splashes around in the water.
As you read the scroll of teleportation, it crumbles to dust.
You feel strangely unstable.
* * * LOW HITPOINT WARNING * * *
You feel sick.
The kobold brigand splashes around in the water.
Unknown command.
You die...

## ##
#. .#
#≈ ≈#
#≈ ≈#
#≈#K#
#≈†≈#
#≈
##@##
#≈ #≈#
#.###≈#
#≈≈≈≈≈#
##≈≈≈##
#≈≈≈#
#≈≈.#
#...##
#...≈##
#.≈.


You could see a kobold brigand.

Vanquished Creatures
  A gnoll (D:2)
  2 adders
  3 worms
  2 dart slugs
  An orc (D:3)
  8 endoplasms
  3 giant cockroaches
  6 goblins
  4 hobgoblins
  4 jackals (D:2)
  3 kobolds (D:2)
  3 quokkas (D:4)
  6 ball pythons
  8 bats
  7 rats
61 creatures vanquished.

Notes
Turn   | Place    | Note
-------+----------+-------------------------------------------
     0 | D:1      | hawla the Draconian Conjurer began the quest for the Orb.
     0 | D:1      | Reached XP level 1. HP: 14/14 MP: 3/3
   307 | D:1      | Reached XP level 2. HP: 20/20 MP: 3/5
   346 | D:1      | Learned a level 2 spell: Searing Ray
   496 | D:1      | Found a faded altar of an unknown god.
   946 | D:2      | Reached XP level 3. HP: 26/26 MP: 0/6
  1023 | D:2      | Found Xosim's Magic Scroll Shop.
  1033 | D:2      | Bought a scroll of identify for 24 gold pieces
  1396 | D:2      | Reached skill level 5 in Conjurations
  2134 | D:3      | Reached XP level 4. HP: 33/33 MP: 4/7
  2139 | D:3      | Learned a level 4 spell: Iskenderun's Mystic Blast
  2200 | D:3      | Found a glowing golden altar of the Shining One.
  2299 | D:3      | Found an ornate altar of the Wu Jian Council.
  3529 | D:4      | Found a glowing drain.
  3575 | Sewer    | Entered a sewer
  3625 | Sewer    | Noticed a kobold brigand
  3635 | Sewer    | HP: 1/33 [poisoned by a kobold brigand (curare-tipped
                  | dart)]
  3636 | Sewer    | Succumbed to a kobold brigand's curare-tipped dart

Illustrated notes

Levels and vault maps discovered:
D:1:      dpeg_arrival_tiny_a, layout_rooms,
          shapermc_ecumenical_altar_mp_vishouse, minmay_curled_crystal,
          bh_walls_and_bars
D:2:      layout_loops_ring, serial_shops, shop, st_stairs_6,
          minmay_crystal_room, chequers_serial_rivers_small_3, minmay_cupped
D:3:      layout_basic, tso_altar, lemuel_tele_altar, nicolae_figureground_pulse
D:4:      layout_loops_corners, nicolae_qazlal_style_of_elements,
          gup_sewer_entry_bubbles
Sewer:    sewer_co_tree

Skill      XL: |  1  2  3  4 |
---------------+-------------+-----
Conjurations   | 5 |  5.4
Stealth        | 2 |  2.1
Dodging        | 2 |  2.2
Fighting       | |  0.2
Staves         | |  0.1
Spellcasting   | |  2.4
Translocations | |  0.2

Action                   |  1- 3 |  4- 6 || total
-------------------------+-------+-------++-------
Melee: Dagger            |    60 |       ||    60
       Tailslap          |    15 |    11 ||    26
       Staff             |       |    79 ||    79
Throw: Boomerang         |       |     1 ||     1
 Cast: Magic Dart        |    20 |     1 ||    21
       Searing Ray       |    18 |    11 ||    29
       Iskenderun's Myst |       |     2 ||     2
  Use: Scroll            |     3 |     2 ||     5
       Potion            |       |     4 ||     4
 Stab: Sleeping          |       |     1 ||     1
Armor: Skin              |    34 |    33 ||    67
Dodge: Dodged            |    56 |    65 ||   121
